 Dungeon Crawl Stone Soup version 0.31-a0-977-gc230f8ef24 (webtiles) character file.

Game seed: 13730408496930984385

509 Dordric the Ruffian (level 7, -1/51 HPs)
             Began as a Gnoll Shapeshifter on Oct 30, 2023.
             Slain by an iguana (3 damage)
             ... on level 4 of the Dungeon.
             The game lasted 00:03:52 (3426 turns).

Dordric the Ruffian (Gnoll Shapeshifter)            Turns: 3426, Time: 00:03:52

Health: -1/51      AC:  8    Str: 15    XL:     7   Next: 19%
Magic:  19/19      EV: 12    Int: 10    God:
Gold:   111        SH:  0    Dex: 11    Spells: 10/10 levels left

rFire   . .          .
                       - Unarmed
rCold   + . .        (shield currently unavailable)
rNeg    . . .        r - +3 ring mail {rC+}
rPois   .            (no helmet)
rElec   .            (no cloak)
rCorr   .            (no gloves)
SInv    .            (no boots)
Will    .....        (no amulet)
Stlth   +            s - ring of magical power
HPRegen 0.28/turn    (no ring)
MPRegen 0.16/turn

%: no passive effects
@: flux-form, glowing
A: glow, contaminating, reduced hp, fangs 1, strong nose, distributed training
a: Begin Untransformation


You were on level 4 of the Dungeon.
You were something dangerously unstable.
You visited 1 branch of the dungeon, and saw 4 of its levels.

You collected 111 gold pieces.

Inventory:

Missiles
 a - a throwing net
 u - 4 curare-tipped darts
Armour
 r - a +3 ring mail of cold resistance (worn)
Jewellery
 s - a ring of magical power (left hand)
Talismans
 c - a beast talisman
 d - a flux talisman (active)
Wands
 p - a wand of flame (20)
Scrolls
 h - a scroll of identify
 l - 3 scrolls of teleportation
 m - 2 scrolls of fear
 n - 2 scrolls of immolation
Potions
 b - a potion of lignification
 e - 2 potions of heal wounds {unknown}
 f - a potion of brilliance {unknown}
 g - a potion of degeneration {unknown}
 i - a potion of curing {unknown}
 j - 3 potions of haste {unknown}
 o - a potion of attraction {unknown}
 t - a potion of mutation {unknown}


   Skills:
 + Level 3.5 Fighting
 + Level 2.3 Short Blades
 + Level 2.3 Long Blades
 + Level 2.3 Axes
 + Level 2.3 Maces & Flails
 + Level 2.3 Polearms
 + Level 2.3 Staves
 + Level 2.3 Ranged Weapons
 + Level 2.3 Throwing
 + Level 2.3 Armour
 + Level 5.2 Dodging
 + Level 2.3 Stealth
 + Level 2.3 Shields
 + Level 7.0 Unarmed Combat
 + Level 2.3 Spellcasting
 + Level 1.9 Conjurations
 + Level 1.9 Hexes
 + Level 1.9 Summonings
 + Level 1.9 Necromancy
 + Level 1.9 Translocations
 + Level 1.9 Transmutations
 + Level 1.9 Fire Magic
 + Level 1.9 Ice Magic
 + Level 1.9 Air Magic
 + Level 1.9 Earth Magic
 + Level 1.9 Poison Magic
 + Level 2.6 Invocations
 + Level 2.3 Evocations
 + Level 6.9 Shapeshifting


You had 10 spell levels left.
You didn't know any spells.
Your spell library contained the following spells:

 Spells                   Type           Power      Damage    Failure   Level
 Blink                    Tloc           10%        N/A       36%         2
 Ensorcelled Hibernation  Hex/Ice        10%        N/A       36%         2
 Jinxbite                 Hex            10%        N/A       36%         2
 Lesser Beckoning         Tloc           10%        N/A       36%         2
 Momentum Strike          Conj/Tloc      10%        3d8       36%         2
 Inner Flame              Hex/Fire       5%         N/A       61%         3
 Anguish                  Hex/Necr       2%         N/A       95%         4
 Passage of Golubria      Tloc           5%         N/A       95%         4
 Silence                  Hex/Air        2%         N/A       100%        5
 Yara's Violent Unravell  Hex/Tmut       2%         3d3       100%        5
 Enfeeble                 Hex            2%         N/A       100%        7
 Lehudib's Crystal Spear  Conj/Erth      2%         10d2      100%        8


Dungeon Overview and Level Annotations

Branches:
Dungeon (4/15)
 Temple: D:4-7

Altars:

Shops:
D:4 =


Innate Abilities, Weirdness & Mutations

You are something dangerously unstable.
You glow with magical radiation, making you easy to see and hit.
Foes you strike become dangerously contaminated with magical radiation.
Your maximum health is decreased, since you lack skill for your form.
You are incapable of wielding weapons or throwing items.
You have very sharp teeth.
Your uncanny sense of smell can sniff out nearby items.
Your experience applies equally to all skills.


Message History

You feel very sick.
Robin says, "Bow before me, strongest of all the hobgoblins!"
Items here: $ ))))).
You hit Robin.
Robin begins to glow.
Robin is lightly wounded.
You feel very sick.
You hit Robin but do no damage.
Robin glows dangerously bright.
Robin is lightly wounded.
You feel sick. Robin misses you.
You hit Robin.
Robin shudders as magic cascades through them!
You kill Robin!
You feel sick.
You hit the hobgoblin.
The hobgoblin begins to glow.
The hobgoblin is heavily wounded.
You feel sick. The hobgoblin barely misses you.
You hit the hobgoblin.
You kill the hobgoblin!
You feel sick.
You barely miss the iguana.
You feel sick. The iguana barely misses you.
You hit the iguana but do no damage.
The iguana begins to glow.
You feel sick.
You hit the iguana.
The iguana glows dangerously bright.
You bite the iguana, but do no damage.
The iguana is lightly wounded.
You feel sick. The iguana barely misses you.
You hit the iguana but do no damage.
The iguana shudders as magic cascades through it.
The iguana twists and deforms.
The iguana is lightly wounded.
You feel sick. The iguana closely misses you.
You hit the iguana but do no damage.
The iguana begins to glow.
The iguana is lightly wounded.
You feel sick.
You are no longer poisoned.
The iguana bites you!
* * * LOW HITPOINT WARNING * * *
You hit the iguana.
The iguana glows dangerously bright.
The iguana is moderately wounded.
The iguana bites you.
You die...

###.........#
#...........#
#..##.......#
#..##########
##..# #...#
##.#.#
#.########..#.#
.......lp.....#
###....##......#
..'.^.. #......#
###.... #......#
...... .......#
.......#.......#
...............#
......#.######.#


You could see an iguana (heavy contam, misshapen).

Vanquished Creatures
  Edmund (D:4)
  A phantom (D:4)
  A scorpion (D:4)
  A hound (D:4)
  2 iguanas (D:4)
  Robin (D:4)
  4 gnolls (D:4)
  3 adders
  A worm (D:2)
  5 dart slugs
  4 orcs
  9 ball pythons
  5 endoplasms
  4 giant cockroaches
  9 goblins
  12 hobgoblins
  9 jackals
  4 kobolds
  7 quokkas
  5 bats
  A frilled lizard (D:1)
  5 rats
94 creatures vanquished.

Notes
Turn   | Place    | Note
-------+----------+-------------------------------------------
     0 | D:1      | Dordric the Gnoll Shapeshifter began the quest for the Orb.
     0 | D:1      | Reached XP level 1. HP: 17/17 MP: 1/1
   138 | D:1      | Reached XP level 2. HP: 21/23 MP: 2/2
   397 | D:1      | Reached XP level 3. HP: 23/28 MP: 3/3
   646 | D:1      | Reached skill level 1 in Invocations
   872 | D:2      | Reached skill level 1 in Short Blades
   872 | D:2      | Reached skill level 1 in Long Blades
   872 | D:2      | Reached skill level 1 in Axes
   872 | D:2      | Reached skill level 1 in Maces & Flails
   872 | D:2      | Reached skill level 1 in Polearms
   872 | D:2      | Reached skill level 1 in Staves
   872 | D:2      | Reached skill level 1 in Ranged Weapons
   872 | D:2      | Reached skill level 1 in Throwing
   872 | D:2      | Reached skill level 1 in Armour
   872 | D:2      | Reached skill level 1 in Stealth
   872 | D:2      | Reached skill level 1 in Shields
   872 | D:2      | Reached skill level 1 in Spellcasting
   872 | D:2      | Reached skill level 1 in Evocations
  1224 | D:2      | Reached XP level 4. HP: 32/34 MP: 5/5
  1868 | D:3      | Reached skill level 1 in Conjurations
  1868 | D:3      | Reached skill level 1 in Hexes
  1868 | D:3      | Reached skill level 1 in Summonings
  1868 | D:3      | Reached skill level 1 in Necromancy
  1868 | D:3      | Reached skill level 1 in Translocations
  1868 | D:3      | Reached skill level 1 in Transmutations
  1868 | D:3      | Reached skill level 1 in Fire Magic
  1868 | D:3      | Reached skill level 1 in Ice Magic
  1868 | D:3      | Reached skill level 1 in Air Magic
  1868 | D:3      | Reached skill level 1 in Earth Magic
  1868 | D:3      | Reached skill level 1 in Poison Magic
  2766 | D:4      | Reached XP level 5. HP: 38/40 MP: 7/7
  2867 | D:4      | Noticed a phantom
  2898 | D:4      | Killed a phantom
  2899 | D:4      | Reached skill level 5 in Dodging
  2899 | D:4      | Reached XP level 6. HP: 45/47 MP: 8/8
  3198 | D:4      | Noticed Edmund
  3227 | D:4      | Killed Edmund
  3228 | D:4      | Reached XP level 7. HP: 50/52 MP: 10/10
  3233 | D:4      | Reached skill level 7 in Unarmed Combat
  3364 | D:4      | Found Cipacod's Jewellery Shoppe.
  3402 | D:4      | Noticed Robin
  3418 | D:4      | Killed Robin
  3425 | D:4      | HP: 2/51 [iguana (7)]
  3426 | D:4      | Slain by an iguana

Illustrated notes

Levels and vault maps discovered:
D:1:      eino_arrival_water_star, layout_loops_ring, corexii_leaking_fountain
D:2:      layout_loops_cross, serial_rivers, chequers_serial_rivers_large_b,
          chequers_serial_rivers_large_a, chequers_serial_rivers_micro_a,
          chequers_serial_rivers_micro_a, chequers_serial_rivers_small_3,
          grunt_decor_fettered
D:3:      layout_basic, minmay_starry_boxes
D:4:      layout_basic, serial_shops, nicolae_shop_back_alley_shop,
          serial_forest, infiniplex_forest_clump_small,
          infiniplex_forest_straight_3, infiniplex_forest_lined_1,
          infiniplex_forest_straight_2, infiniplex_forest_end_1,
          infiniplex_forest_end_3, uniq_edmund, uniq_robin

Skill      XL: |  1  2  3  4  5  6  7 |
---------------+----------------------+-----
Invocations    | 1 2 |  2.6
Short Blades   | 1 2 |  2.3
Long Blades    | 1 2 |  2.3
Axes           | 1 2 |  2.3
Maces & Flails | 1 2 |  2.3
Polearms       | 1 2 |  2.3
Staves         | 1 2 |  2.3
Ranged Weapons | 1 2 |  2.3
Throwing       | 1 2 |  2.3
Armour         | 1 2 |  2.3
Stealth        | 1 2 |  2.3
Shields        | 1 2 |  2.3
Spellcasting   | 1 2 |  2.3
Evocations     | 1 2 |  2.3
Conjurations   | 1 |  1.9
Hexes          | 1 |  1.9
Summonings     | 1 |  1.9
Necromancy     | 1 |  1.9
Translocations | 1 |  1.9
Transmutations | 1 |  1.9
Fire Magic     | 1 |  1.9
Ice Magic      | 1 |  1.9
Air Magic      | 1 |  1.9
Earth Magic    | 1 |  1.9
Poison Magic   | 1 |  1.9
Fighting       | 3 |  3.5
Dodging        | 5 |  5.2
Unarmed Combat | 7 |  7.0
Shapeshifting  | |  6.9

Action                     |  1- 3 |  4- 6 |  7- 9 || total
---------------------------+-------+-------+-------++-------
  Melee: Unarmed           |   124 |   151 |    33 ||   308
         Bite              |    20 |    14 |     1 ||    35
  Evoke: Wand              |       |     1 |       ||     1
    Use: Scroll            |       |     8 |       ||     8
 Armour: Animal skin       |    17 |       |       ||    17
         Chain mail        |    45 |    18 |       ||    63
         Ring mail         |       |    49 |    21 ||    70
  Dodge: Dodged            |    60 |    74 |    23 ||   157
   Form: Flux              |     1 |       |       ||     1

Table legend: (Time is in decaauts)
 A = Elapsed time spent in this place.
 B = Non-inter-level travel time spent in this place.
 C = Inter-level travel time spent in this place.
 D = Time resting spent in this place.
 E = Time spent auto-exploring this place.
 F = Levels seen in this place.
 G = Mean time per level.
                   A        B        C        D        E       F      G
               +--------+--------+--------+--------+--------+-----+--------+
         Total |   3452 |   3376 |     76 |    139 |   2614 |   4 |  863.0 |
       Dungeon |   3452 |   3376 |     76 |    139 |   2614 |   4 |  863.0 |
               +--------+--------+--------+--------+--------+-----+--------+

Top non-repeatable levels by time:
     D:3: 1148 daAuts
     D:2: 952 daAuts
     D:4: 683 daAuts
     D:1: 667 daAuts
